Map: Usina Ácida LE

Players

Denes - Winner!

  • Race: Terran Terran
  • Spawn Location: 11:00

IagoAbreu

  • Race: Terran Terran
  • League: Silver
  • Spawn Location: 5:00

VOD

Have the link to the VOD?

Description

Time

  • Played on: March 8, 2018, 11:53 a.m.
  • Length: 14:13
Show
View Real Time Build Order
Export as new Build Order

Denes Terran - Winner!

Build Orders: MMM Bio 

Get SALT Encoding   

  12  0:01  SCV  
  13  0:13  SCV  
  14  0:20  Supply Depot  
  14  0:25  SCV  
  15  0:42  SCV  
  16  0:44  Barracks  
  16  0:54  SCV  
  17  1:06  SCV  
  17  1:09  Refinery  
  18  1:21  SCV  
  19  1:33  Command Center  
  19  1:36  SCV  
  20  1:44  Refinery  
  20  2:04  SCV  
  20  2:05  Marine  
  22  2:16  Orbital Command  
  22  2:23  Marine  
  22  2:26  Barracks  
  23  2:44  SCV  
  23  2:50  Orbital Command  
  24  2:52  Supply Depot  
  24  2:56  Barracks Reactor  
  24  3:03  Factory  
  24  3:10  Engineering Bay  
  24  3:12  SCV  
  25  3:16  SCV  
  26  3:24  SCV  
  27  3:27  Barracks Tech Lab  
  27  3:28  SCV  
  27  3:32  Marine x2  
  30  3:37  SCV  
  30  3:40  SCV  
  32  3:47  Marine  
  33  3:50  Marine x2  
  33  3:52  Factory Tech Lab  
  35  3:57  Starport  
  35  4:01  SCV  
  36  4:05  Marine  
  36  4:06  Supply Depot  
  36  4:08  Marine x2  
  39  4:11  Supply Depot  
  39  4:12  Terran Infantry Weapons Level 1  
  39  4:13  SCV  
  40  4:17  Stimpack  
  40  4:23  Marine  
  41  4:30  SCV  
  42  4:33  Refinery  
  42  4:36  Refinery  
  42  4:40  Marine  
  42  4:42  SCV, Supply Depot  
  44  4:49  Siege Tank  
  44  4:51  Starport Reactor  
  47  4:57  SCV  
  47  4:59  SCV  
  49  5:04  Marine  
  49  5:05  Marine  
  49  5:06  Marine  
  52  5:09  SCV  
  52  5:11  SCV  
  57  5:21  SCV, Siege Tank  
  57  5:23  SCV  
  57  5:24  Marine  
  57  5:27  Marine x2  
  62  5:30  Medivac  
  62  5:34  SCV  
  62  5:35  SCV  
  66  5:41  Marine  
  67  5:45  Marine x2  
  69  5:59  Marine  
  69  6:03  Marine, Supply Depot  
  70  6:05  Marine  
  70  6:06  Terran Infantry Armor Level 1  
  70  6:24  Marine  
  70  6:25  Siege Tank, Medivac  
  76  6:27  Marine x2  
  78  6:39  Supply Depot  
  78  6:53  Marine x2, Medivac, Supply Depot, SCV x2, Marauder  
  86  7:01  Siege Tank  
  89  7:05  SCV x2  
  90  7:09  Command Center  
  90  7:14  Marauder  
  77  7:38  Marine  
  77  7:39  Siege Tank  
  77  7:40  Marine x2  
  76  7:56  Marine  
  76  7:58  Marine x2  
  79  8:11  Siege Tank, Supply Depot  
  82  8:14  Marauder  
  82  8:16  Marine x2  
  86  8:23  Barracks  
  86  8:28  Barracks  
  86  8:34  Armory  
  86  8:35  Supply Depot  
  86  8:36  Marauder  
  86  8:37  Supply Depot  
  86  8:41  Combat Shields  
  88  8:57  Marauder  
  90  9:14  Marine x2  
  92  9:18  Barracks Tech Lab, Marauder  
  94  9:28  Starport, Factory  
  94  9:29  Barracks Tech Lab  
  94  9:32  Marine x2  
  94  9:33  Barracks Reactor  
  94  9:38  Orbital Command  
  96  9:40  Marauder  
  98  9:50  Marine x2  
  100  10:01  Marauder  
  100  10:04  Planetary Fortress  
  102  10:07  Marine  
  102  10:08  Marine  
  102  10:10  Marauder  
  102  10:12  Marine  
  102  10:13  Marine  
  108  10:17  Cyclone  
  108  10:20  Factory Tech Lab  
  111  10:22  Marauder  
  111  10:23  Starport Tech Lab  
  111  10:24  Terran Infantry Weapons Level 2  
  111  10:27  Terran Vehicle Weapons Level 1  
  113  10:30  Marine x2  
  113  10:31  Marauder  
  113  10:34  Supply Depot  
  117  10:37  Supply Depot  
  117  10:39  Marine x2  
  119  10:44  Marauder  
  119  10:47  Siege Tank  
  119  10:48  Marine x2  
  119  10:49  Cyclone  
  129  10:52  Marauder  
  129  10:53  Viking x2  
  129  10:57  Marine x2  
  137  11:05  Marauder  
  137  11:06  Marine x2  
  141  11:14  Marine, Marauder  
  141  11:15  Marine  
  145  11:19  Siege Tank  
  145  11:21  Siege Tank  
  145  11:24  Marine x2  
  153  11:27  Marauder  
  153  11:32  Marine x2  
  157  11:43  Marauder  
  147  11:48  Marauder  
  130  12:05  Marauder  
  132  12:16  Marine  
  132  12:18  Medivac x2  
  132  12:19  Medivac  
  132  12:22  Thor  
  148  12:25  Marine  
  148  12:26  Thor  
  148  12:28  SCV  
  153  12:32  Refinery  
  153  12:34  Marine, Refinery, Supply Depot  
  153  12:36  Supply Depot  
  154  12:39  Supply Depot  
  154  12:40  SCV  
  154  12:41  Supply Depot  
  154  12:43  Marine  
  156  12:49  Medivac  
  145  12:52  Marine, SCV  
  147  13:01  Marine  
  147  13:05  SCV  
  149  13:10  Marine  
  144  13:17  SCV  
  144  13:19  Marine  
  136  13:27  Marine  
  115  13:47  SCV  
  115  13:52  Barracks  
  115  13:54  Barracks  
  113  13:59  SCV  
Show
View Real Time Build Order
Export as new Build Order

IagoAbreu Terran 

Build Orders:  

Get SALT Encoding   

  12  0:01  SCV  
  13  0:14  Supply Depot  
  13  0:17  SCV  
  14  0:32  Supply Depot  
  14  0:35  SCV  
  15  0:47  Barracks  
  15  0:49  SCV  
  16  1:03  SCV, Engineering Bay  
  17  1:09  Refinery  
  17  1:16  Refinery  
  17  1:19  SCV  
  18  1:37  Orbital Command  
  18  1:40  Marine  
  19  1:58  Marine  
  20  2:11  Terran Infantry Weapons Level 1  
  20  2:17  Barracks Reactor  
  20  2:22  Barracks  
  21  2:30  SCV  
  21  2:42  Command Center  
  21  2:45  SCV  
  22  2:54  Bunker  
  22  2:57  Marine x2  
  24  3:02  SCV  
  25  3:10  Supply Depot  
  25  3:15  Barracks Reactor  
  25  3:17  Marine x2  
  27  3:30  Factory  
  27  3:45  Supply Depot  
  27  3:56  Marine x2  
  27  3:57  Marine x2  
  31  4:04  Orbital Command  
  31  4:05  Terran Infantry Armor Level 1  
  31  4:32  Barracks Tech Lab  
  31  4:35  SCV  
  32  4:45  SCV  
  33  4:47  SCV  
  33  4:48  Widow Mine x2  
  38  4:55  Combat Shields  
  38  4:57  SCV  
  38  4:59  SCV  
  40  5:09  Widow Mine  
  40  5:10  Widow Mine  
  40  5:11  SCV  
  40  5:12  Marine x2  
  47  5:15  Marauder  
  49  5:24  SCV  
  50  5:30  Marine x2  
  50  5:31  Widow Mine x2  
  56  5:36  Marauder  
  50  6:15  Cyclone x2  
  56  6:19  Marauder  
  56  6:21  Concussive Shells  
  56  6:23  Marine x2  
  60  6:31  Building Armor  
  60  6:33  SCV  
  61  6:40  Marine  
  61  6:45  Armory  
  62  6:49  Starport  
  62  6:52  Supply Depot  
  62  6:56  Marine, SCV, Marauder  
  62  6:58  Marine  
  67  7:05  Cyclone  
  70  7:14  Marine  
  64  7:15  Supply Depot  
  64  7:20  Marauder  
  66  7:23  Stimpack  
  63  7:40  Supply Depot  
  63  7:42  Marauder  
  63  7:43  Starport Reactor  
  64  8:01  Refinery  
  64  8:13  Starport  
  64  8:19  Refinery  
  64  8:23  Refinery  
  64  8:26  Viking x2  
  68  8:31  Widow Mine x2  
  72  8:37  Marine x2  
  76  8:41  Marauder  
  76  8:47  SCV  
  77  8:55  Marine x2  
  78  8:59  SCV  
  78  9:02  Marauder  
  82  9:04  Starport Reactor  
  82  9:11  SCV  
  82  9:13  Marine x2  
  85  9:18  Viking  
  85  9:19  Viking  
  85  9:23  SCV  
  90  9:24  Terran Infantry Weapons Level 2  
  90  9:31  Marine x2, Widow Mine x2  
  95  9:35  SCV  
  95  9:36  Marauder  
  99  9:45  Supply Depot  
  99  9:48  Marine  
  99  9:49  Marine  
  101  10:05  Viking  
  101  10:06  Viking x2  
  107  10:08  Supply Depot  
  107  10:11  Viking  
  109  10:18  Terran Ship Weapons Level 1  
  109  10:27  Widow Mine x2  
  83  12:40  Liberator x2  
  83  12:42  Liberator  
  74  12:52  Widow Mine  
  74  12:53  Widow Mine  
  74  12:54  Marine x2, Marauder  
  85  13:12  Marine x2  
  77  13:14  Widow Mine x2  
  77  13:15  Marauder  
Tags
 
Composition
MMM Bio
League
Silver
Matchup
TvT
Race
Terran
Spawn Locations
Cross Positions
Add a new tag
Caveats
  • Supply blocks, unpowered buildings, or Contaminate may cause inaccurate times.
  • Supply counts are checked every 10 seconds.